 Dungeon Crawl Stone Soup version 0.25.1-8-g42b30a86e7 (webtiles) character file.

Game seed: 10790520246347496735

8211 Destapler the Cleaver (level 11, 0/99 HPs)
             Began as a Deep Dwarf Necromancer on Dec 18, 2020.
             Was a Priest of Makhleb.
             Slain by a death yak (10 damage)
             ... on level 8 of the Dungeon.
             The game lasted 01:04:15 (11274 turns).

Destapler the Cleaver (Deep Dwarf Necromancer)     Turns: 11274, Time: 01:04:15

Health: 0/99       AC:  7    Str: 12    XL:     11   Next: 6%
Magic:  3/15       EV: 14    Int: 19    God:    Makhleb [***...]
Gold:   648        SH:  5    Dex: 13    Spells: 11/19 levels left

rFire    . . .     SeeInvis .   a - +10 war axe of Valiance {holy, *Noise +Blink rC+ MR+}
rCold    + . .     Gourm    .   (no shield)
rNeg     . . .     Faith    .   w - +2 robe
rPois    .         Spirit   .   G - +0 hat
rElec    .         Reflect  +   (no cloak)
rCorr    .         Harm     .   h - +1 pair of gloves
MR       ++...                  k - +0 pair of boots
Stlth    +++.......             s - amulet of reflection
HPRegen  0.00/turn              (no ring)
MPRegen  0.14/turn              (no ring)

@: non-regenerating
A: damage resistance, heal wounds, sense surroundings 2, no regeneration
a: Heal Wounds, Minor Destruction, Lesser Servant of Makhleb, Renounce Religion,
Evoke Blink


You were on level 8 of the Dungeon.
You worshipped Makhleb.
Makhleb was most pleased with you.
You were hungry.

You visited 1 branch of the dungeon, and saw 8 of its levels.
You also visited: Sewer.

You collected 681 gold pieces.
You spent 33 gold pieces at shops.

Inventory:

Hand Weapons
 a - the +10 war axe of Valiance (weapon) {holy, *Noise +Blink rC+ MR+}
   (You found it on level 8 of the Dungeon)

   It has been blessed by the Shining One to cause great damage to the undead
   and demons.
   It protects you from cold.
   It affects your resistance to hostile enchantments.
   It lets you blink.
   It may make noises in combat.
 f - a +5 vorpal hand axe
Missiles
 y - 4 boomerangs (quivered)
 E - 4 atropa-tipped darts
Armour
 h - a +1 pair of gloves (worn)
 k - a +0 pair of boots (worn)
 w - a +2 robe (worn)
 G - a +0 hat (worn)
Jewellery
 s - an amulet of reflection (around neck)
Wands
 t - a wand of paralysis (14)
 D - a wand of flame (18)
Scrolls
 d - 2 scrolls of fog {unknown}
 e - a scroll of enchant armour
 j - a scroll of fear
 n - 8 scrolls of teleportation
 x - 2 scrolls of magic mapping
 A - a scroll of remove curse
 B - a scroll of random uselessness {unknown}
 F - a scroll of immolation {unknown}
Potions
 g - 3 potions of curing
 i - 2 potions of haste
 l - a potion of brilliance
 m - 5 potions of lignification
 o - a potion of flight
 p - a potion of invisibility
 q - a potion of ambrosia
 r - a potion of mutation
 v - a potion of degeneration
Comestibles
 c - 15 rations


   Skills:
 + Level 6.5 Fighting
 * Level 9.3 Axes
 + Level 4.6 Armour
 + Level 4.5 Dodging
 + Level 6.5 Stealth
 + Level 4.8 Spellcasting
 + Level 8.7 Necromancy
 + Level 3.9 Invocations
 + Level 6.6 Evocations


You had 11 spell levels left.
You knew the following spells:

 Your Spells              Type           Power        Failure   Level  Hunger
a - Pain                  Necr           ####         1%          1    None
b - Vampiric Draining     Necr           #####.....   1%          3    ##.....
c - Animate Dead          Necr           N/A          3%          4    ####...

Your spell library contained the following spells:

 Spells                   Type           Power        Failure   Level  Hunger
 Animate Skeleton         Necr           N/A          1%          1    None
 Agony                    Necr           #####...     10%         5    ######.
 Corona                   Hex            #......      13%         1    None
 Shock                    Conj/Air       #...         13%         1    None
 Ensorcelled Hibernation  Hex/Ice        #.....       19%         2    #......
 Confusing Touch          Hex            #.......     36%         3    ##.....
 Dazzling Flash           Conj/Hex       #.....       36%         3    ##.....
 Tukima's Dance           Hex            #.......     36%         3    ##.....


Dungeon Overview and Level Annotations

Branches:
Dungeon (8/15)             Temple (0/1) D:6            Lair (0/6) D:8
  Sewer (visited)

Altars:
Ashenzari
Makhleb
Nemelex Xobeh
Sif Muna
Uskayaw
Yredelemnul
Zin
The Shining One

Shops:
D:6 (   D:7 :

Annotations:
D:7 3 runed translucent doors, harness's ghost, novice TeAE


Innate Abilities, Weirdness & Mutations

You are resistant to damage.
You can heal yourself by infusing magical energy.
You passively map the area around you.
You do not regenerate.


Message History

Aiming: Vampiric Draining (safe; 1% risk of failure)
Press: ? - help, Shift-Dir - straight line, f/p - death yak
Aim: a death yak (moderately wounded)
The death yak is moderately wounded.
You feel life coursing into your body. The death yak closely misses you.
Casting: Vampiric Draining (safe; 1% risk of failure)
Confirm with . or Enter, or press ? or * to list all spells.
Aiming: Vampiric Draining (safe; 1% risk of failure)
Press: ? - help, Shift-Dir - straight line, f/p - death yak
Aim: a death yak (moderately wounded)
The death yak is heavily wounded.
You feel life coursing into your body. The death yak gores you!
* * * LOW HITPOINT WARNING * * *
Evoke which item? (* to show all) (? for menu, Esc to quit)
Aiming: Paralyse
Press: ? - help, Shift-Dir - straight line, f/p - death yak
Aim: a death yak (moderately wounded, chance to defeat MR: 7%)
Okay, then.
The death yak gores you!
You die...

................)).......#
.....###########)#######.#
.##### #.# #.# ###.# #.#
####### ..).### #.#
######..## ###...#
#)#####.≈..#8..### #.#.#
#######....##>≈.)'._...#
#.#.#
#....rY.#...#.≈..#8..#.#
#.#.#
#.#####@#.#.######..##.#
#.#.#
#.#####.#.#.##########.#
#.#.#
#.##......#.........#..#
#Y#.#
#.##.##.###...........##
#.#.#
##.##.##.............###
#.# #........#.......(...#
#.# *
#.########.#.........#
#(#, #.# #.#.........#
#.#,*
#.########>#.........#


You could see a death yak and a quokka.

Vanquished Creatures
  Gastronok (D:8)
  A two-headed ogre (D:8)
  A death yak (D:8)
  Pikel (D:5)
  Joseph (D:8)
  A hippogriff (D:8)
  Sigmund (D:2)
  Grum (D:8)
  6 yaks
  Menkaure (D:5)
  3 slaves (D:5)
  A sky beast (D:4)
  Purgy (D:4)
  An ice beast (D:8)
  An orc warrior (D:5)
  2 phantoms (D:4)
  4 wolves (D:8)
  A necrophage (D:4)
  3 centaurs (D:6)
  An ogre (D:5)
  A big kobold (D:7)
  2 bullfrogs
  A scorpion (D:6)
  A howler monkey (D:5)
  A bullfrog zombie (D:8)
  3 crimson imps (D:7)
  5 orc priests
  4 hounds
  10 orc wizards
  4 iguanas
  2 bullfrog skeletons
  Terence (D:2)
  3 hell rats (D:8)
  2 worker ants
  A hound zombie (D:5)
  A howler monkey zombie (D:7)
  13 adders
  A shadow imp (D:6)
  4 oozes (Sewer)
  An adder zombie (D:7)
  2 adder skeletons
  8 worms
  2 dart slugs
  5 leopard geckos
  34 orcs
  4 ball pythons
  8 giant cockroaches
  5 goblins
  7 hobgoblins
  7 jackals
  9 kobolds
  5 quokkas
  10 bats
  6 frilled lizards
  A jackal zombie (D:6)
  3 rats (D:1)
210 creatures vanquished.

Vanquished Creatures (collateral kills)
  A death yak (D:7)
1 creature vanquished.

Vanquished Creatures (others)
  A slave (D:5)
  A bullfrog zombie (D:5)
  7 fungi (D:8)
  5 toadstools (D:8)
14 creatures vanquished.

Grand Total: 225 creatures vanquished

Notes
Turn   | Place    | Note
-------+----------+-------------------------------------------
     0 | D:1      | Destapler the Deep Dwarf Necromancer began the quest for
                  | the Orb.
     0 | D:1      | Reached XP level 1. HP: 15/15 MP: 3/3
   395 | D:1      | Reached XP level 2. HP: 19/22 MP: 5/5
   956 | D:1      | Reached skill level 1 in Axes
  1096 | D:2      | Reached XP level 3. HP: 22/28 MP: 2/6
  1146 | D:2      | Learned a level 3 spell: Vampiric Draining
  1235 | D:2      | Reached skill level 5 in Necromancy
  1358 | D:2      | Found a hide-covered altar of Uskayaw.
  1383 | D:2      | Noticed Terence
  1429 | D:2      | Killed Terence
  1429 | D:2      | Reached skill level 2 in Axes
  1429 | D:2      | Reached XP level 4. HP: 14/36 MP: 3/8
  1665 | D:2      | Noticed Sigmund
  1684 | D:2      | Killed Sigmund
  1684 | D:2      | Reached skill level 3 in Axes
  1684 | D:2      | Reached XP level 5. HP: 26/42 MP: 0/9
  1841 | D:2      | Found a glowing golden altar of the Shining One.
  1995 | D:2      | Reached XP level 6. HP: 48/50 MP: 0/10
  2906 | D:3      | Reached skill level 1 in Armour
  3415 | D:3      | Found a burning altar of Makhleb.
  3453 | D:3      | Became a worshipper of Makhleb the Destroyer
  3534 | D:4      | Found a sparkling altar of Nemelex Xobeh.
  3541 | D:4      | Reached skill level 1 in Fighting
  3801 | D:4      | Reached skill level 1 in Evocations
  3951 | D:4      | Reached XP level 7. HP: 47/57 MP: 6/11
  4178 | D:4      | Found a glowing silver altar of Zin.
  4351 | D:4      | Noticed Purgy
  4368 | D:4      | Killed Purgy
  4611 | D:4      | Reached skill level 4 in Axes
  4698 | D:5      | Entered Level 5 of the Dungeon
  4748 | D:5      | Found a glowing drain.
  4757 | Sewer    | Entered a sewer
  4766 | Sewer    | Reached * piety under Makhleb
  5719 | D:5      | Reached ** piety under Makhleb
  5739 | D:5      | Noticed a yak
  5745 | D:5      | Noticed a yak
  5745 | D:5      | Noticed a yak
  5746 | D:5      | Noticed a yak
  5747 | D:5      | Noticed a yak
  5750 | D:5      | Noticed a yak
  5760 | D:5      | HP: 2/60 [yak (16)]
  5944 | D:4      | Killed a yak
  5944 | D:4      | Reached XP level 8. HP: 18/67 MP: 3/13
  6396 | D:5      | Noticed Menkaure
  6407 | D:5      | Killed Menkaure
  6407 | D:5      | Reached skill level 5 in Stealth
  6523 | D:5      | Found a shattered altar of Ashenzari.
  6523 | D:5      | Found a basalt altar of Yredelemnul.
  6586 | D:5      | Noticed Pikel
  6615 | D:5      | Killed Pikel
  6615 | D:5      | Reached skill level 5 in Axes
  6615 | D:5      | Reached skill level 5 in Evocations
  6615 | D:5      | Gained mutation: You passively map the area around you.
                  | [Deep Dwarf growth]
  6615 | D:5      | Reached XP level 9. HP: 48/76 MP: 1/13
  6811 | D:4      | Reached skill level 6 in Axes
  7439 | D:5      | Reached skill level 5 in Fighting
  7439 | D:5      | Reached skill level 7 in Axes
  7778 | D:6      | You fall into a shaft and drop 1 floor!
  7778 | D:7      | Found Yhell's Book Emporium.
  8452 | D:6      | Found Kylle Riych's Weapon Shoppe.
  8477 | D:6      | Found a staircase to the Ecumenical Temple.
  8883 | D:6      | Reached *** piety under Makhleb
  9164 | D:7      | Reached skill level 8 in Axes
  9191 | D:7      | Reached skill level 1 in Invocations
  9394 | D:7      | Found a runed translucent gate.
  9394 | D:7      | Found a runed translucent gate.
  9394 | D:7      | Found a runed translucent gate.
  9394 | D:7      | Noticed harness's ghost (novice TeAE)
  9652 | D:8      | Got a smoking war axe
  9653 | D:8      | Identified the +10 war axe of Valiance {holy, *Noise +Blink
                  | rC+ MR+} (You found it on level 8 of the Dungeon)
  9660 | D:8      | Learned a level 4 spell: Animate Dead
  9713 | D:8      | Noticed a death yak
  9810 | D:6      | Bought 5 atropa-tipped darts for 33 gold pieces
  9852 | D:7      | Killed a death yak
  9852 | D:7      | Reached XP level 10. HP: 14/91 MP: 9/14
  9978 | D:8      | Noticed a two-headed ogre
 10256 | D:8      | Found a staircase to the Lair.
 10257 | D:8      | Noticed a death yak
 10283 | D:8      | Noticed a death yak
 10293 | D:8      | Killed a two-headed ogre
 10399 | D:8      | Noticed Gastronok
 10413 | D:8      | HP: 3/91 [Gastronok/the air (27)]
 10418 | D:8      | Killed Gastronok
 10418 | D:8      | Reached skill level 9 in Axes
 10700 | D:8      | Noticed Grum
 10730 | D:8      | Killed Grum
 10764 | D:8      | Noticed Joseph
 10785 | D:8      | Killed Joseph
 10894 | D:8      | Found a shimmering blue altar of Sif Muna.
 10911 | D:8      | Identified Sif Muna's Tome of Lightness
 11183 | D:8      | Killed a death yak
 11183 | D:8      | Reached XP level 11. HP: 51/99 MP: 2/15
 11274 | D:8      | Slain by a death yak

Illustrated notes

Levels and vault maps discovered:
D:1:      onia_arrival_pyramid, layout_basic, st_stairs_7
D:2:      layout_loops_ring, eat_drink_and_be_merry_uskayaw,
          nicolae_overflow_hidden_temple, first_ration, uniq_terence,
          uniq_sigmund
D:3:      layout_loops_corners, lightli_temple_of_fire
D:4:      layout_basic, zin_statuary, nemelex_xobeh_ov_fountains_minmay,
          uniq_purgy
D:5:      layout_rooms, grunt_temple_overflow_open,
          cheibrodos_sewer_entry_drain, uniq_pikel, uniq_menkaure
D:6:      layout_cave_pods, minmay_temple_entry_wispy, serial_shops, shop
D:7:      layout_gridville, serial_shops, shop, gammafunk_ghost_necromancy
D:8:      layout_loops_ring, led_sif_book, dpeg_lair_monsters, the_bakery,
          minmay_gold_behind_fungi, uniq_gastronok, uniq_grum, uniq_joseph

Skill      XL: |  1  2  3  4  5  6  7  8  9 10 |
---------------+-------------------------------+-----
Spellcasting   | 2 3 4 |  4.8
Axes           | 1 2 3 4 5 8 9 |  9.3
Necromancy     | 5 6 7 8 |  8.7
Armour         | 1 2 3 4 |  4.6
Fighting       | 1 2 3 5 6 |  6.5
Evocations     | 1 3 5 6 |  6.6
Dodging        | 3 4 |  4.5
Stealth        | 4 5 6 |  6.5
Invocations    | 1 3 |  3.9

Action                   |  1- 3 |  4- 6 |  7- 9 | 10-12 || total
-------------------------+-------+-------+-------+-------++-------
Melee: Hand axe          |    66 |    69 |   351 |       ||   486
       War axe           |       |       |     7 |    68 ||    75
Throw: Dart              |       |       |     5 |       ||     5
       Boomerang         |       |       |       |     6 ||     6
 Cast: Pain              |    42 |    41 |    84 |     5 ||   172
       Vampiric Draining |     3 |    25 |   101 |    47 ||   176
Invok: Minor Destruction |       |       |     1 |       ||     1
       Lesser Servant of |       |       |     1 |       ||     1
 Abil: Heal Wounds       |     1 |       |     7 |     2 ||    10
       Evoke Blink       |       |       |     2 |       ||     2
Evoke: Wand              |       |       |     1 |       ||     1
  Use: Scroll            |     1 |     6 |     7 |     5 ||    19
       Potion            |       |       |     5 |     6 ||    11
 Stab: Sleeping          |       |     1 |     6 |     2 ||     9
       Invisible         |       |       |    12 |       ||    12
       Paralysed         |       |       |     2 |       ||     2
       Distracted        |       |       |     2 |     1 ||     3
  Eat: Chunk             |     2 |    11 |    16 |     8 ||    37
       Ration            |       |       |     3 |       ||     3
Armor: Robe              |    10 |    19 |   103 |    11 ||   143
Dodge: Dodged            |    45 |    77 |   311 |    57 ||   490
Block: Other             |       |     9 |   101 |    27 ||   137
       Reflection        |       |       |     5 |     1 ||     6
